Map: Ever Dream LE

Players

eGGz

  • Race: Zerg Zerg
  • League: Master
  • Spawn Location: 7:00

Cham - Winner!

  • Race: Zerg Zerg
  • League: Grandmaster
  • Spawn Location: 1:00

Event: DreamHack SC2 Masters 2020 Summer Latin America

VOD

Have the link to the VOD?

Description

Time

  • Played on: June 25, 2020, 4:47 p.m.
  • Length: 11:52

All games in this series

Show
View Real Time Build Order
Export as new Build Order

eGGz Zerg 

Build Orders: Hatch First 

Get SALT Encoding   

  12  0:01  Drone  
  13  0:15  Overlord  
  13  0:16  Drone  
  14  0:34  Drone  
  15  0:36  Drone  
  16  0:49  Hatchery  
  15  0:52  Drone  
  15  0:54  Drone  
  17  1:02  Drone, Extractor  
  17  1:16  Spawning Pool  
  16  1:19  Drone  
  17  1:26  Drone  
  18  1:35  Drone  
  19  1:46  Overlord  
  19  2:02  Queen  
  19  2:03  Queen  
  19  2:04  Drone  
  19  2:05  Drone, Metabolic Boost  
  25  2:09  Drone  
  26  2:15  Drone  
  26  2:16  Evolution Chamber  
  26  2:20  Drone  
  27  2:23  Zergling x2  
  27  2:26  Drone  
  30  2:37  Drone  
  30  2:46  Hatchery  
  30  2:48  Drone  
  30  3:00  Drone  
  31  3:07  Overlord  
  31  3:10  Drone x2  
  33  3:13  Zergling x6  
  33  3:15  Overlord  
  33  3:19  Zerg Ground Armor Level 1  
  36  3:27  Zergling x2  
  37  3:29  Baneling Nest  
  37  3:30  Zergling x2  
  37  3:33  Drone x2  
  39  3:38  Drone  
  40  3:44  Drone x2  
  40  3:46  Overlord  
  42  3:59  Zergling x6  
  42  4:00  Zergling x6  
  46  4:06  Zergling x2  
  46  4:09  Zergling x2, Extractor  
  47  4:10  Roach Warren  
  47  4:14  Baneling  
  46  4:17  Zergling x2  
  46  4:18  Zergling x2  
  46  4:21  Zergling x10  
  51  4:28  Zergling x6  
  47  4:32  Zergling x2  
  46  4:40  Overlord  
  46  4:43  Overlord  
  45  4:53  Roach x2  
  45  4:55  Roach  
  51  5:04  Roach x2  
  54  5:08  Roach  
  54  5:13  Roach  
  58  5:18  Baneling x3  
  58  5:22  Roach x2  
  58  5:25  Hatchery  
  61  5:30  Roach x2  
  65  5:36  Roach x2  
  66  5:44  Overlord  
  66  5:45  Zergling x2  
  66  5:53  Baneling x4  
  66  5:54  Baneling x3  
  66  5:58  Zergling x4  
  66  6:04  Zergling x8  
  70  6:07  Drone  
  70  6:10  Drone  
  69  6:13  Drone  
  69  6:14  Drone  
  69  6:17  Drone  
  71  6:19  Zergling x2  
  71  6:20  Zergling x2  
  71  6:22  Baneling  
  73  6:27  Drone  
  68  6:33  Drone x3  
  68  6:39  Drone x2  
  70  6:52  Ravager x2  
  72  6:57  Hatchery  
  70  7:11  Roach x3  
  70  7:13  Overlord  
  70  7:14  Overlord x2  
  75  7:20  Overlord  
  75  7:29  Roach  
  75  7:34  Roach x3  
  75  7:35  Roach x2  
  82  7:38  Ravager  
  82  7:40  Zergling x8  
  87  7:47  Zergling x4  
  89  7:56  Drone  
  89  7:57  Extractor  
  89  7:58  Zerg Missile Weapons Level 1  
  89  8:04  Drone x4  
  93  8:10  Drone x2  
  95  8:14  Drone  
  95  8:17  Lair  
  95  8:19  Queen  
  96  8:26  Drone x3  
  101  8:28  Drone  
  101  8:29  Overlord  
  101  8:33  Overlord  
  102  8:35  Roach x4  
  102  8:41  Queen  
  110  8:49  Roach x4  
  110  8:53  Drone x2  
  120  8:58  Drone  
  120  9:01  Roach  
  121  9:13  Roach x3  
  121  9:15  Glial Reconstitution  
  125  9:17  Drone x2  
  125  9:18  Drone x2  
  129  9:24  Ravager, Extractor  
  129  9:25  Extractor  
  129  9:27  Overlord x2  
  129  9:31  Overlord  
  128  9:37  Overlord  
  128  9:39  Overlord  
  124  9:47  Roach x2  
  124  9:48  Roach x5  
  124  9:50  Ravager  
  124  9:52  Baneling x2  
  139  9:54  Baneling  
  139  9:58  Roach  
  141  10:02  Roach  
  141  10:03  Roach x2  
  147  10:08  Roach, Overlord  
  147  10:09  Roach  
  147  10:16  Roach x2  
  147  10:17  Roach x3  
  155  10:25  Roach x2  
  159  10:31  Roach x4  
  167  10:40  Roach  
  165  11:01  Overlord  
Show
View Real Time Build Order
Export as new Build Order

Cham Zerg - Winner!

Build Orders: Hatch First, Zergling Baneling 

Get SALT Encoding   

  12  0:00  Drone  
  13  0:09  Drone  
  14  0:17  Overlord  
  14  0:36  Drone x2  
  16  0:48  Hatchery  
  15  0:51  Drone  
  15  0:55  Drone  
  17  1:09  Spawning Pool  
  16  1:12  Drone  
  16  1:14  Extractor  
  16  1:17  Drone  
  17  1:32  Drone  
  18  1:36  Drone  
  19  1:53  Drone  
  20  1:55  Queen  
  20  1:56  Overlord  
  20  1:59  Queen  
  20  2:00  Zergling x2  
  25  2:11  Spine Crawler  
  25  2:13  Drone x2  
  25  2:14  Drone  
  28  2:19  Metabolic Boost  
  28  2:23  Drone  
  28  2:28  Drone  
  30  2:40  Hatchery  
  29  2:44  Drone  
  29  2:49  Drone, Baneling Nest  
  30  2:56  Zergling x4  
  32  2:59  Drone  
  32  3:02  Drone  
  32  3:03  Drone  
  34  3:09  Drone  
  35  3:12  Overlord  
  35  3:20  Zergling x2  
  35  3:21  Overlord  
  36  3:31  Zergling x2  
  36  3:32  Zergling x8  
  41  3:37  Zergling x2  
  41  3:40  Baneling x2  
  42  3:43  Queen  
  42  3:45  Zergling x6  
  47  3:50  Baneling x2  
  47  3:52  Zergling x6  
  49  4:04  Zergling x10  
  49  4:05  Zergling x2  
  49  4:07  Baneling  
  49  4:08  Baneling x3  
  55  4:12  Drone  
  55  4:13  Drone x2  
  57  4:30  Drone x4  
  57  4:35  Drone  
  57  4:36  Drone  
  57  4:40  Overlord  
  57  4:44  Extractor  
  56  4:46  Roach Warren  
  56  4:47  Drone  
  56  4:48  Drone  
  57  4:55  Overlord  
  57  4:59  Overlord x2  
  57  5:01  Drone x2  
  57  5:03  Zergling x4  
  61  5:12  Drone x2  
  61  5:13  Extractor  
  62  5:16  Drone x2, Overlord  
  62  5:19  Overlord  
  64  5:26  Roach x6  
  78  5:28  Roach  
  78  5:31  Roach  
  78  5:32  Roach  
  81  5:38  Roach x2  
  83  5:44  Roach x2  
  83  5:45  Roach  
  86  5:52  Roach  
  86  5:54  Overlord  
  87  6:01  Overlord  
  87  6:02  Roach x3  
  91  6:05  Zergling x4  
  91  6:06  Zergling x4  
  91  6:08  Zergling x2  
  94  6:14  Spine Crawler  
  94  6:17  Roach x3  
  96  6:22  Roach, Zergling x4  
  100  6:28  Roach  
  101  6:35  Roach x2  
  98  6:42  Roach, Zergling x6  
  98  6:46  Overlord  
  102  6:48  Roach  
  102  6:50  Overlord  
  102  6:51  Zergling x6  
  102  6:52  Zergling x4  
  102  6:54  Roach  
  111  6:59  Overlord  
  111  7:03  Drone x2  
  111  7:05  Drone  
  113  7:13  Lair  
  113  7:15  Drone  
  113  7:17  Evolution Chamber  
  113  7:19  Evolution Chamber  
  113  7:21  Drone  
  113  7:22  Drone x2  
  114  7:25  Ravager x2  
  114  7:29  Drone x5  
  122  7:30  Drone  
  122  7:34  Drone x3  
  124  7:37  Drone x2  
  126  7:46  Drone x3  
  126  7:47  Queen  
  126  7:50  Overlord  
  131  7:54  Extractor  
  131  7:55  Drone x3, Extractor  
  131  7:56  Drone, Extractor  
  132  7:59  Drone x2  
  132  8:04  Drone x2  
  132  8:05  Drone  
  137  8:09  Drone x3  
  140  8:15  Spire  
  140  8:17  Overlord  
  139  8:21  Zerg Missile Weapons Level 1  
  139  8:22  Zerg Ground Armor Level 1  
  139  8:25  Hydralisk Den, Overlord  
  139  8:30  Hatchery  
  139  8:33  Roach  
  140  8:35  Overlord  
  140  8:41  Overlord  
  140  8:42  Overlord  
  140  8:43  Roach  
  140  8:44  Roach  
  144  8:49  Overlord x2  
  144  8:54  Baneling  
  144  8:55  Baneling  
  144  8:56  Unknown, Hydralisk x2  
  144  9:00  Roach x3  
  144  9:02  Glial Reconstitution  
  153  9:09  Roach x2  
  154  9:10  Roach  
  152  9:18  Baneling x2  
  152  9:19  Roach x5  
  152  9:23  Roach  
  152  9:24  Roach  
  166  9:26  Roach  
  166  9:27  Roach  
  166  9:30  Roach x2  
  174  9:32  Ravager x2  
  174  9:36  Roach  
  174  9:37  Roach  
  180  9:41  Roach x2  
  183  9:47  Grooved Spines  
  183  9:50  Drone, Infestation Pit  
  183  9:54  Roach  
  183  9:55  Roach  
  183  9:56  Roach x2  
  183  9:58  Roach  
  193  10:01  Ravager x2  
  193  10:02  Ravager  
  193  10:03  Roach x2  
  197  10:10  Roach  
  199  10:17  Roach  
  200  10:31  Lurker Den  
  200  10:35  Overlord  
  199  10:36  Overlord  
  199  10:42  Hatchery  
  198  10:54  Overlord x3  
  194  10:57  Spine Crawler  
  194  10:59  Spine Crawler  
  190  11:10  Roach x10  
  190  11:15  Roach  
  190  11:17  Roach x5  
  173  11:22  Roach x2  
  173  11:25  Roach  
  156  11:26  Roach  
  156  11:28  Roach  
Tags
 
Add a new tag
Caveats
  • Supply blocks, unpowered buildings, or Contaminate may cause inaccurate times.
  • Supply counts are checked every 10 seconds.